 Dungeon Crawl Stone Soup version 0.19-a0-1511-g16f215b (webtiles) character file.

9996 4thArraOfDagon the Grappler (level 11, -10/94 HPs)
             Began as a Troll Ice Elementalist on Sept 11, 2016.
             Was an Elder of Hepliaklqana.
             Mangled by a small abomination (17 damage)
             ... on level 2 of the Abyss.
             The game lasted 00:21:52 (3820 turns).

4thArraOfDagon the Grappler (TrIE)                  Turns: 3820, Time: 00:21:53

Health: -10/94     AC:  8    Str: 23    XL:     11   Next: 30%
Magic:  14/14      EV: 12    Int: 14    God:    Hepliaklqana [****..]
Gold:   456        SH:  0    Dex: 10    Spells: 1 memorised, 11 levels left

rFire  . . .     SeeInvis .       - Unarmed
rCold  . . .     Gourm    +     j - +0 robe (curse)
rNeg   . . .     Faith    .     (no shield)
rPois  .         Spirit   .     (helmet restricted)
rElec  .         Dismiss  .     (no cloak)
rCorr  .         Reflect  .     (gloves unavailable)
MR     .....     Harm     .     (boots unavailable)
Stlth  +.........               f - amulet of the gourmand
                                H - +3 ring of protection
                                A - +5 ring of slaying

@: mighty, about to teleport
A: unfitting armour, reduced essence, claws 3, fast metabolism 3, gourmand,
regeneration 1, shaggy fur 1, tough skin 2
a: Recall Ancestor, Ancestor Identity, Transference, Idealise, Renounce Religion


You were on level 2 of the Abyss.
You worshipped Hepliaklqana.
Hepliaklqana was greatly pleased with you.
You were full.

You visited 1 branch of the dungeon, and saw 12 of its levels.
You visited the Abyss 1 time.

You collected 456 gold pieces.

Inventory:

Hand Weapons
 G - the +7 spear "Onehox" {pierce, rElec rPois Int-3 Dex+7}
   (You found it on level 8 of the Dungeon)

   It inflicts extra damage upon your enemies.
   It affects your intelligence (-3).
   It affects your dexterity (+7).
   It insulates you from electricity.
   It protects you from poison.
 K - a +0 blowgun
 L - a +0 short sword of distortion
Missiles
 x - a throwing net (quivered)
 M - 8 curare-tipped needles
Armour
 a - a +0 robe
 j - a cursed +0 robe (worn)
Magical Staves
 O - an uncursed staff of power {!a}
Jewellery
 f - an amulet of the gourmand (around neck)
 A - a +5 ring of slaying (left claw)
 F - an uncursed ring of fire
 H - a +3 ring of protection (right claw)
Wands
 w - a wand of paralysis (0/24)
 D - a wand of lightning (0/15)
Scrolls
 e - 2 scrolls of magic mapping {unknown}
 g - 5 scrolls of remove curse {unknown}
 n - 2 scrolls of recharging {unknown}
 p - 2 scrolls of random uselessness {unknown}
 r - 2 scrolls of teleportation
 v - 3 scrolls of immolation {unknown}
 y - 2 scrolls of fear {unknown}
 z - 4 scrolls of amnesia {unknown}
 C - a scroll of enchant weapon {unknown}
 E - a scroll of blinking {unknown}
 N - a scroll of enchant armour {unknown}
Potions
 k - 2 potions of degeneration
 l - a potion of might
 m - a potion of invisibility
 q - 2 potions of lignification
 s - a potion of agility {unknown}
 t - a potion of brilliance {unknown}
 u - a potion of curing
 B - a potion of resistance {unknown}
 I - a potion of flight {unknown}
 J - 3 potions of ambrosia {unknown}
Books
 b - a book of Frost

   Spells                             Type                      Level
   a - Freeze                         Ice                          1
   b - Throw Frost                    Conjuration/Ice              2
   c - Ozocubu's Armour               Charms/Ice                   3
   d - Throw Icicle                   Conjuration/Ice              4
   e - Summon Ice Beast               Ice/Summoning                4
Comestibles
 c - 6 bread rations
 d - 3 meat rations
 i - 2 fruits
 o - a beef jerky


   Skills:
 + Level 6.1 Fighting
 + Level 6.4 Dodging
 - Level 1.1 Stealth
 * Level 12.2 Unarmed Combat
 - Level 1.2 Spellcasting
   Level 0.6 Conjurations
 - Level 2.1 Ice Magic
 + Level 6.4 Invocations


You had 11 spell levels left.
You knew the following spells:

 Your Spells              Type           Power        Failure   Level  Hunger
a - Freeze                Ice            #...         12%         1    ##.....


Dungeon Overview and Level Annotations

Branches:
Dungeon (12/15)            Temple (0/1) D:7            Lair (0/6) D:9
    Orc (0/2) D:10

Altars:
Dithmenos
Fedhas
Hepliaklqana
Kikubaaqudgha
Qazlal

Shops:
D:9 [

Annotations:
D:4 Gruesome's ghost, amateur NaWr
D:12 Erolcha


Innate Abilities, Weirdness & Mutations

You are too large for most types of armour.
You have claws for hands.
Your metabolism is lightning-fast.
You like to eat raw meat.
Your natural rate of healing is unusually fast.
You are covered in fur. (AC +1)
You have very tough skin. (AC +2)
Your life essence is reduced. (-10% HP)


Message History

The small abomination closely misses you.
Unknown command.
You scratch the small abomination.
The small abomination is heavily damaged.
The small abomination misses you.
Unknown command.
You barely miss the small abomination.
The small abomination is heavily damaged.
The small abomination hits you!!
* * * LOW HITPOINT WARNING * * *
Unknown command.
Unknown command.
Unknown command.
You closely miss the small abomination. Your claw misses the small abomination.
The small abomination is heavily damaged.
The small abomination barely misses you.
Unknown command.
Unknown command.
You feel better. The small abomination hits you!
You die...

.## # ... #
# ###.###..
.
...........
#........#
#........#
...... ###
#.... ...#
###x#' ## .
#.@.#.#
###.# #
#..# ####3#
.# h.


You could see a small abomination.

Vanquished Creatures
  A death yak (D:9)
  Sonja (D:11)
  A centaur zombie (D:10)
  A smoke demon (Abyss:2)
  An elephant (D:9)
  A centaur skeleton (D:12)
  A yak (D:12)
  A fire bat (Abyss:2)
  2 hippogriffs
  A warg (D:10)
  A large abomination (Abyss:2)
  5 orc warriors
  2 phantoms
  2 necrophages
  An ice beast (D:8)
  A sky beast (D:6)
  An ogre (D:12)
  2 centaurs
  3 wolves (D:9)
  A big kobold (D:12)
  2 giant frogs (D:9)
  3 scorpions
  7 killer bees (D:7)
  4 howler monkeys
  A giant frog zombie (D:6)
  3 crimson imps
  3 giant frog skeletons
  A gnoll shaman (D:6)
  3 hounds
  3 orc priests
  A jelly (D:9)
  6 iguanas
  5 orc wizards
  5 worker ants
  A hound skeleton (D:10)
  A howler monkey skeleton (D:10)
  9 gnolls
  4 adders
  A shadow imp (D:8)
  An adder zombie (D:6)
  A worm (D:6)
  2 giant geckos
  17 orcs
  A giant cockroach (D:4)
  3 jackals (D:7)
  2 kobolds (D:12)
  2 quokkas
  3 bats
  A giant gecko skeleton (D:4)
  3 giant newts
  2 goblins
  2 rats
  A starspawn tentacle (Abyss:2)
134 creatures vanquished.

Vanquished Creatures (collateral kills)
  A tentacled starspawn (Abyss:1)
  The ghost of George the Carver, a novice MiFi of the Shining One (D:10)
  A troll (D:11)
  Grum (D:9)
  Menkaure (D:5)
  An ice beast (D:8)
  2 orc warriors
  A necrophage (D:5)
  A wolf (D:9)
  An ogre (D:9)
  A centaur (D:9)
  A giant frog (D:10)
  A killer bee (D:7)
  A hound (D:5)
  An orc priest (D:10)
  A giant frog skeleton (D:4)
  A hound skeleton (D:4)
  A giant gecko (D:10)
  4 orcs
  A giant cockroach (D:4)
  A goblin (D:3)
  A giant newt (D:3)
26 creatures vanquished.

Vanquished Creatures (others)
  6 knights
  8 starspawn tentacles
14 creatures vanquished.

Grand Total: 174 creatures vanquished

Notes
Turn   | Place    | Note
-------+----------+-------------------------------------------
     0 | D:1      | 4thArraOfDagon the Troll Ice Elementalist began the quest for the Orb.
     0 | D:1      | Reached XP level 1. HP: 16/16 MP: 1/1
   129 | D:1      | You fall through a shaft!
   183 | D:4      | Noticed Gruesome's ghost (amateur NaWr)
   191 | D:5      | Entered Level 5 of the Dungeon
   203 | D:5      | Reached skill level 1 in Unarmed Combat
   203 | D:5      | Reached XP level 2. HP: 12/24 MP: 2/2
   210 | D:5      | Noticed a crimson imp
   229 | D:5      | Killed a crimson imp
   229 | D:5      | Reached skill level 3 in Unarmed Combat
   229 | D:5      | Reached XP level 3. HP: 26/31 MP: 3/3
   284 | D:6      | Found a hazy altar of Hepliaklqana.
   284 | D:6      | Found a shadowy altar of Dithmenos.
   288 | D:6      | Became a worshipper of Hepliaklqana
   313 | D:5      | Noticed a necrophage
   323 | D:5      | Killed a necrophage
   323 | D:5      | Reached skill level 4 in Unarmed Combat
   323 | D:5      | Reached XP level 4. HP: 31/34 MP: 4/4
   334 | D:5      | Reached XP level 5. HP: 39/39 MP: 5/5
   347 | D:5      | Reached skill level 5 in Unarmed Combat
   355 | D:5      | Noticed Menkaure
   371 | D:5      | Killed Menkaure
   371 | D:5      | Reached skill level 6 in Unarmed Combat
   371 | D:5      | Reached XP level 6. HP: 5/46 MP: 6/6
   755 | D:3      | Reached skill level 7 in Unarmed Combat
   965 | D:5      | Reached * piety under Hepliaklqana
  1048 | D:6      | Reached XP level 7. HP: 50/52 MP: 7/7
  1157 | D:6      | Found a blossoming altar of Fedhas.
  1205 | D:6      | Reached skill level 1 in Fighting
  1205 | D:6      | Reached skill level 1 in Invocations
  1278 | D:6      | Found a stormy altar of Qazlal.
  1293 | D:6      | You fall through a shaft for 2 floors!
  1462 | D:8      | Reached ** piety under Hepliaklqana
  1471 | D:8      | Remembered your ancestor Amenemopet as a knight
  1584 | D:7      | Found a staircase to the Ecumenical Temple.
  1639 | D:6      | Reached skill level 8 in Unarmed Combat
  1639 | D:6      | Reached XP level 8. HP: 57/63 MP: 8/8
  2135 | D:9      | Reached *** piety under Hepliaklqana
  2147 | D:9      | Reached skill level 9 in Unarmed Combat
  2155 | D:9      | Reached XP level 9. HP: 43/73 MP: 8/10
  2188 | D:9      | Noticed Grum
  2205 | D:9      | Killed Grum
  2260 | D:9      | Found Faxuypp's Armour Shop.
  2298 | D:8      | Got a polished spear
  2352 | D:9      | Identified the +7 spear "Onehox" {pierce, rElec rPois Int-3 Dex+7} (You found it on level 8 of the Dungeon)
  2475 | D:10     | Entered Level 10 of the Dungeon
  2489 | D:10     | Noticed George's ghost (novice MiFi)
  2571 | D:9      | Reached skill level 10 in Unarmed Combat
  2585 | D:9      | Found a staircase to the Lair.
  2585 | D:9      | Noticed a death yak
  2586 | D:9      | Noticed an elephant
  2635 | D:9      | Killed an elephant
  2651 | D:9      | Killed a death yak
  2651 | D:9      | Reached XP level 10. HP: 45/83 MP: 12/12
  2765 | D:10     | Reached skill level 5 in Dodging
  2771 | D:10     | Reached skill level 5 in Invocations
  2839 | D:10     | Found a staircase to the Orcish Mines.
  2853 | D:10     | Reached skill level 5 in Fighting
  2895 | D:10     | Reached skill level 11 in Unarmed Combat
  3047 | D:10     | Killed George's ghost
  3056 | D:10     | Found an ancient bone altar of Kikubaaqudgha.
  3353 | D:11     | Noticed Sonja
  3361 | D:11     | Killed Sonja
  3466 | D:12     | Reached XP level 11. HP: 69/93 MP: 14/14
  3478 | D:12     | Noticed Erolcha
  3480 | D:12     | Cast into level 1 of the Abyss (Erolcha)
  3490 | Abyss:1  | Found a corrupted altar of Lugonu.
  3494 | Abyss:1  | Turgon: Ha
  3496 | Abyss:1  | Turgon: Free rune
  3513 | Abyss:1  | 4thArraOfDagon: :)
  3547 | Abyss:1  | Noticed a tentacled starspawn
  3555 | Abyss:1  | Killed a tentacled starspawn
  3555 | Abyss:1  | Reached skill level 12 in Unarmed Combat
  3565 | Abyss:1  | Turgon: ?? Hepli
  3566 | Abyss:1  | beem: Hepli ~ hepl ~ hepliaklqana[1/4]: God of ancestral memory. Grants a powerful, customizable permanent ancestor, which will be automatically revived if slain (after a few dozen turns). Likes exploration. 0*: ally & recall, 2*: {Remember Life}, 3*: {Transference}, 4*: {Idealise}, 5*: Transference-drain
  3568 | Abyss:1  | Noticed a purple draconian
  3599 | Abyss:1  | Reached **** piety under Hepliaklqana
  3607 | Abyss:1  | Turgon: ?? transference
  3607 | Abyss:1  | beem: Transference[1/1]: Hepliaklqana 3* ability. Switch any creature's location (including yourself!) with your ancestor's, as long as your ancestor is in LOS. At 5*, also drains creatures adjacent to the target
  3621 | Abyss:1  | Noticed a large abomination
  3644 | Abyss:1  | Turgon: ?? Idealise
  3645 | Abyss:1  | beem: Idealise[1/2]: Hepliaklqana 4* ability. Heal your ancestor, remove debilitating status effects, and provide a short-duration AC, damage & spellpower buff. Healing & buff duration scale with Invocations.
  3717 | Abyss:2  | Noticed a tentacled starspawn
  3718 | Abyss:2  | Noticed a starcursed mass
  3724 | Abyss:2  | Noticed a deep elf demonologist
  3734 | Abyss:2  | Noticed a tentacled starspawn
  3811 | Abyss:2  | HP: 4/94 [raiju (9)]
  3818 | Abyss:2  | HP: 1/94 [small abomination (21)]
  3820 | Abyss:2  | Mangled by a small abomination

Vault maps used:
D:1:      dpeg_arrival_rhombi, hex_medium, dk_noncrumbling_4
D:2:      minmay_misc_feat_cross
D:3:      lemuel_doored_altar
D:4:      black_bear_nest_2
D:5:      first_bread, uniq_blork_the_orc, uniq_menkaure
D:6:      grunt_temple_overflow_forces_of_nature,
          gammafunk_temple_overflow_wave, grunt_ministairs_6,
          kennysheep_generic_room_12
D:7:      eino_jars
D:9:      david_lair_generic, serial_shops, shop, uniq_grum
D:10:     david_orc_1_choice, basic_altar, hangedman_ranch,
          minmay_misc_feat_room
D:11:     minmay_item_behind_shaft, nicolae_dithmenos_shadow_blocks, uniq_sonja
D:12:     minmay_the_grid_plus_closed, uniq_azrael, uniq_erolcha, uniq_frances
Abyss:2:  onia_ninara_dug_in_and_dangerous

Skill      XL: |  1  2  3  4  5  6  7  8  9 10 11 |
---------------+----------------------------------+-----
Unarmed Combat | 1 3 4 6 7 8 9 10 11 12 | 12.2
Dodging        | 2 3 4 6 |  6.4
Fighting       | 2 3 4 5 6 |  6.1
Invocations    | 2 3 4 6 |  6.4
Stealth        | |  1.1
Spellcasting   | |  1.2
Conjurations   | |  0.6
Ice Magic      | |  2.1

Action                   |  1- 3 |  4- 6 |  7- 9 | 10-12 || total
-------------------------+-------+-------+-------+-------++-------
Melee: Unarmed           |    32 |    71 |   212 |   155 ||   470
       Punch             |       |     2 |     6 |    13 ||    21
Invok: Ancestor Identity |       |     1 |       |       ||     1
       Recall Ancestor   |       |       |     5 |     2 ||     7
       Ancestor Life: Kn |       |       |     1 |       ||     1
Evoke: Wand              |       |       |    11 |     7 ||    18
  Use: Scroll            |       |       |     2 |     9 ||    11
       Potion            |       |       |       |     4 ||     4
 Stab: Sleeping          |       |     1 |     1 |       ||     2
       Paralysed         |       |       |    10 |     2 ||    12
       Distracted        |       |       |     1 |       ||     1
  Eat: Chunk             |       |    10 |    17 |     7 ||    34
       Pizza             |       |     1 |       |     1 ||     2
Armor: Robe              |    35 |    22 |    39 |    28 ||   124
Dodge: Dodged            |    50 |    28 |   104 |    91 ||   273
